 Dungeon Crawl Stone Soup version 0.29-a0-541-gaf1fc19f1b (webtiles) character file.

Game seed: 9474548280832344731

254827 Flugkiller the Warrior (level 21, -11/188 HPs)
             Began as a Meteoran Chaos Knight on June 2, 2022.
             Was a Favourite Plaything of Xom.
             Killed from afar by a deep elf zephyrmancer (14 damage)
             ... with a bolt of lightning
             ... led by a deep elf high priest
             ... on level 5 of the Vaults.
             The game lasted 01:43:49 (17788 turns).

Flugkiller the Warrior (Meteoran Chaos Knight)     Turns: 17788, Time: 01:43:49

Health: -11/188    AC: 34    Str: 18    XL:     21   Next: 43%
Magic:  24/36      EV: 16    Int: 25    God:    Xom [.*....]
Gold:   915        SH:  0    Dex: 21    Spells: 27/40 levels left

rFire   + . .      SeeInvis .   a - +8 Vampire's Tooth {vamp}
rCold   . . .      Faith    .   (no shield)
rNeg    . . .      Spirit   .   D - +2 plate armour {rF+}
rPois   +          Reflect  .   I - +2 helmet {Int+3}
rElec   .          Harm     .   J - +2 cloak
rCorr   +          Rampage  .   m - +2 pair of gloves
Will    +++..      Clarity  +   y - +2 pair of boots
Stlth   ..........              L - amulet of Ketieng {Acrobat rPois Will++ rCorr Stlth-}
HPRegen 0.41/turn               U - ring of wizardry
MPRegen 0.25/turn               A - ring "Macsaadgh" {EV+4 Int+5, =R}

@: weak-willed, glowing, studying 2 skills
A: sense surroundings 3, otherworldly, glowing, explore regen, agile 1, clarity,
clever 1, strong-willed 2, screaming 1, weak 1, wild magic 1, MP-powered wands
}: 2/15 runes: serpentine, barnacled
a: Renounce Religion


You were on level 5 of the Vaults.
You worshipped Xom.
You were a plaything of Xom.
You visited 6 branches of the dungeon, and saw 36 of its levels.
You also visited: Trove, Ossuary, Volcano and Wizlab.

You collected 3264 gold pieces.
You spent 2349 gold pieces at shops.

Inventory:

Hand Weapons
 a - the +8 Vampire's Tooth (weapon) {vamp}
   (You found it on level 4 of the Shoals)

   It occasionally heals its wielder for the full amount of damage dealt when it
   wounds a living foe.
 b - a +9 vorpal broad axe
   (You took it off a meliai on level 14 of the Dungeon)
 K - the +8 lance "Wyrmbane" {slay drac, rPois rF+ rC+ AC+3}
   (You acquired it on level 2 of the Orcish Mines)

   It inflicts extra damage against dragons and draconians.
   AC:        It affects your AC (+3).
   rF:        It protects you from fire.
   rC:        It protects you from cold.
   rPois:     It protects you from poison.
Missiles
 F - 7 silver javelins
 P - 4 throwing nets
Armour
 f - a +0 kite shield of reflection
   (You took it off Donald on level 2 of the Snake Pit)
 g - the +0 pair of gloves of Mental Paralysis {Will+ Str+4 Int-5 Dex+3}
   (Xom gifted it to you on level 4 of the Lair of Beasts)

   Str:       It affects your strength (+4).
   Int:       It affects your intelligence (-5).
   Dex:       It affects your dexterity (+3).
   Will:      It increases your willpower.
 m - a +2 pair of gloves (worn)
   (You found it on level 1 of the Dungeon)
 y - a +2 pair of boots (worn)
   (You found it on level 4 of the Vaults)
 D - a +2 plate armour of fire resistance (worn)
   (You took it off Donald on level 2 of the Snake Pit)
 I - a +2 helmet of intelligence (worn)
   (You acquired it on level 4 of the Dungeon)
 J - a +2 cloak (worn)
   (You found it on level 7 of the Dungeon)
Jewellery
 i - the ring of Oletyari {Str+2 SInv}
   (You found it on level 15 of the Dungeon)

   [ring of see invisible]

   Str:       It affects your strength (+2).
   SInv:      It lets you see invisible.
 o - a ring of poison resistance
   (You found it in an ossuary)
 p - a +4 ring of protection
   (You bought it in a shop on level 2 of the Orcish Mines)
 v - a +4 ring of evasion
   (You found it on level 12 of the Dungeon)
 A - the ring "Macsaadgh" (right hand) {EV+4 Int+5, =R}
   (You bought it in a shop on level 15 of the Dungeon)

   [ring of evasion]

   EV:        It affects your evasion (+4).
   Int:       It affects your intelligence (+5).
 L - the amulet of Ketieng (around neck) {Acrobat rPois Will++ rCorr Stlth-}
   (You acquired it on level 11 of the Dungeon)

   [amulet of the acrobat]

   It increases your evasion while moving and waiting.
   rPois:     It protects you from poison.
   rCorr:     It protects you from acid and corrosion.
   Will:      It greatly increases your willpower.
   Stlth:     It makes you less stealthy.
 U - a ring of wizardry (left hand)
   (You took it off a minotaur on level 4 of the Shoals)
Wands
 k - a wand of mindburst (10)
   (You found it on level 2 of the Lair of Beasts)
 M - a wand of paralysis (8)
   (You found it on level 7 of the Dungeon)
 N - a wand of digging (5)
   (You found it on level 8 of the Dungeon)
 S - a wand of iceblast (13)
   (You found it on level 9 of the Dungeon)
 V - a wand of acid (25)
   (You took it off a vampire on level 10 of the Dungeon)
 W - a wand of charming (1)
   (You found it on level 1 of the Lair of Beasts)
Scrolls
 c - 6 scrolls of magic mapping
 l - 4 scrolls of fear
 r - 6 scrolls of identify
 z - 5 scrolls of blinking
 B - 2 scrolls of enchant armour
 G - a scroll of summoning
 H - 3 scrolls of enchant weapon
 O - 8 scrolls of fog
 Q - 7 scrolls of vulnerability
Potions
 d - 2 potions of might
 h - 2 potions of haste
 j - 4 potions of attraction
 n - 2 potions of resistance
 q - 16 potions of curing
 C - 7 potions of mutation
 R - 3 potions of ambrosia
 T - a potion of magic
 X - 4 potions of cancellation
 Y - 2 potions of flight
 Z - 7 potions of brilliance
Miscellaneous
 e - a box of beasts
   (You found it on level 4 of the Lair of Beasts)
 s - a condenser vane (inert)
   (You found it on level 6 of the Lair of Beasts)
 u - a tin of tremorstones (1/2)
   (You found it on level 14 of the Dungeon)
 x - a lightning rod (4/4)
   (You found it on level 2 of the Lair of Beasts)
 E - a phial of floods
   (You found it on level 1 of the Shoals)


   Skills:
 - Level 16.1 Fighting
 - Level 14.0 Short Blades
 - Level 13.1 Axes
 - Level 16.0 Armour
 - Level 11.0 Dodging
 + Level 14.2 Shields
 - Level 10.0 Spellcasting
 - Level 10.0 Conjurations
 - Level 10.0 Hexes
 - Level 9.0 Summonings
 - Level 8.0 Necromancy
 - Level 10.0 Transmutations
 - Level 9.1 Earth Magic
 - Level 10.0 Evocations


You had 27 spell levels left.
You knew the following spells:

 Your Spells              Type           Power      Damage    Failure   Level
a - Anguish               Hex/Necr       32%        N/A       9%          4
b - Animate Armour        Summ/Erth      100%       N/A       9%          4
i - Irradiate             Conj/Tmut      34%        3d24      16%         5

Your spell library contained the following spells:

 Spells                   Type           Power      Damage    Failure   Level
 Necrotize                Necr           100%       1d9       1%          1
 Sandblast                Erth           100%       2d20      1%          1
 Summon Small Mammal      Summ           100%       N/A       1%          1
 Passwall                 Tmut/Erth      56%        N/A       1%          2
 Sublimation of Blood     Necr           62%        N/A       2%          2
 Dazzling Flash           Conj/Hex       100%       N/A       2%          3
 Stone Arrow              Conj/Erth      100%       3d13      2%          3
 Summon Guardian Golem    Hex/Summ       67%        N/A       2%          3
 Tukima's Dance           Hex            69%        N/A       2%          3
 Call Canine Familiar     Summ           66%        N/A       3%          3
 Foxfire                  Conj/Fire      100%       2x1d9     5%          1
 Static Discharge         Conj/Air       48%        N/A       7%          2
 Conjure Flame            Conj/Fire      48%        6-21      13%         3
 Inner Flame              Hex/Fire       48%        N/A       13%         3
 Dispel Undead            Necr           62%        3d22      13%         4
 Blade Hands              Tmut           34%        N/A       16%         5
 Yara's Violent Unravell  Hex/Tmut       34%        3d14      16%         5
 Apportation              Tloc           32%        N/A       32%         1
 Freeze                   Ice            64%        1d8       32%         1
 Flame Wave               Conj/Fire      48%        2d10      38%         4
 Hailstorm                Conj/Ice       48%        3d11      38%         4
 Iskenderun's Mystic Bla  Conj/Tloc      48%        2d11      38%         4
 Sticky Flame             Conj/Fire      48%        2d7       38%         4
 Blink                    Tloc           32%        N/A       41%         2
 Poisonous Vapours        Pois/Air       32%        N/A       41%         2
 Summon Lightning Spire   Summ/Air       45%        N/A       43%         4
 Frozen Ramparts          Ice            32%        1d5       63%         3
 Gell's Gravitas          Tloc           16%        N/A       63%         3
 Teleport Other           Tloc           16%        N/A       63%         3
 Corpse Rot               Necr/Pois/Air  33%        N/A       67%         4
 Lightning Bolt           Conj/Air       24%        1d39      69%         5
 Silence                  Hex/Air        24%        N/A       69%         5
 Airstrike                Air            8%         N/A       94%         4
 Passage of Golubria      Tloc           16%        N/A       94%         4
 Dragon Form              Tmut           34%        N/A       98%         7
 Enfeeble                 Hex            34%        N/A       98%         7
 Manifold Assault         Tloc           16%        N/A       99%         5
 Starburst                Conj/Fire      24%        6d8       99%         6
 Dispersal                Tloc           8%         N/A       100%        6
 Storm Form               Tmut/Air       24%        N/A       100%        7
 Borgnjor's Revivificati  Necr           31%        N/A       100%        8
 Disjunction              Tloc           8%         N/A       100%        8
 Lehudib's Crystal Spear  Conj/Erth      34%        10d9      100%        8
 Necromutation            Tmut/Necr      32%        N/A       100%        8
 Death's Door             Necr           31%        N/A       100%        9


Dungeon Overview and Level Annotations

Branches:
Dungeon (15/15)            Temple (0/1) D:4            Lair (6/6) D:10
 Shoals (4/4) Lair:3        Snake (4/4) Lair:4          Orc (2/2) D:10
    Elf (0/3) Orc:2        Vaults (5/5) D:13          Crypt (0/3) Vaults:2
 Depths (0/4) D:15        Ossuary (visited)         Volcano (visited)
 WizLab (visited)
  Slime: Lair:5-6

Altars:
Elyvilon
Kikubaaqudgha
Trog
Vehumet
Xom
Beogh

Shops:
D:15 =   Orc:2 =?[(   Shoals:1 *   Shoals:3 [   Vaults:5 ??

Annotations:
D:7 2 transporters
Lair:2 1 runed translucent door, initializr's ghost, journeyman HOFi
Snake:4 exclusion: 2 ice statues
Vaults:5 Mennas


Innate Abilities, Weirdness & Mutations

You passively map a large area around you.
You are easily found by Zot.
You glow in the dark.
You regain HP and MP as you explore.
You are agile. (Dex +2)
You possess an exceptional clarity of mind.
Your mind is acute. (Int +2)
You are highly strong-willed. (Will++)
You occasionally shout uncontrollably at your foes.
You are weak. (Str -2)
Your spells are a little harder to cast, but a little more powerful.
You expend magic power (3 MP) to strengthen your wands.


Message History

The titan is engulfed in blazing flames.
You kill the titan!
The tremorstone explodes into fragments!
The burst of rock shards engulfs the deep elf demonologist!
You kill the deep elf demonologist!
The chaos spawn degenerates into a cloud of primal chaos!
The burst of rock shards engulfs the deep elf high priest!
The burst of rock shards engulfs the tengu reaver!!
You kill the tengu reaver!
The burst of rock shards engulfs the deep elf high priest!!
You kill the deep elf high priest!
You hear a shout!
The storm dragon is engulfed in blazing flames.
The storm dragon breathes lightning at you.
The bolt of lightning misses you.
The vault guard is engulfed in blazing flames.
A deep elf zephyrmancer comes into view.
It is wielding a +0 rapier.
The yaktaur captain is engulfed in blazing flames.
The yaktaur captain shoots a bolt.
The bolt hits you!
You hear a shout!
Your Shields skill increases to level 14!
Unknown command.
Xom does a drum roll.
You hear a shout! x2; You hear a deafening roar!
You hear two shouts!
The storm dragon is engulfed in blazing flames.
The yaktaur captain is engulfed in blazing flames.
The yaktaur captain shoots a bolt.
The bolt hits you!
* * * LOW HITPOINT WARNING * * *
There is an open gate here.
Unknown command.
Really read the scroll of vulnerability?
As you read the scroll of vulnerability, it crumbles to dust.
Magic quickly surges around you. "Serve the toy, my child!"
The storm dragon closely misses you.
The storm dragon claws you but does no damage.
The storm dragon misses you.
The deep elf zephyrmancer casts a spell.
The deep elf zephyrmancer blinks!
The vault guard is engulfed in blazing flames.
The yaktaur captain is engulfed in blazing flames.
The storm dragon bites you but does no damage.
The storm dragon claws you.
* * * LOW HITPOINT WARNING * * *
The storm dragon tramples you but does no damage.
Aiming: Charm
Press: ? - help, Shift-Dir - straight line, f - storm dragon
Aim: a storm dragon (moderately wounded, catching its breath, weak-willed, ally target, chance to affect: 53%)
You feel a surge of power!
The storm dragon resists with some effort.
The deep elf zephyrmancer points at you and mumbles some strange words.
The bolt of lightning hits your quasit! The bolt of lightning hits you!!
* * * LOW HITPOINT WARNING * * *
The storm dragon bites you but does no damage.
The storm dragon claws you but does no damage.
The storm dragon tramples you but does no damage.
Okay, then.
You feel much better.
Xom's power touches on a nearby monster.
The storm dragon suddenly seems more resistant.
The storm dragon breathes lightning at you.
The bolt of lightning hits you!!
* * * LOW HITPOINT WARNING * * *
The deep elf zephyrmancer misses your quasit.
The vault guard hits you but does no damage.
You hear a shout! x2
Okay, then.
Okay, then.
Blink to where?
Press: ? - help, Dir - move target, p - storm dragon
As you read the scroll of blinking, it crumbles to dust.
The deep elf zephyrmancer is empowered by something's aura!
As you read the scroll of fog, it crumbles to dust.
The scroll dissolves into smoke.
You feel better.
The storm dragon breathes lightning at you.
The bolt of lightning misses you.
Aiming: Paralyse
Press: ? - help, Shift-Dir - straight line, f - storm dragon
Aim: a storm dragon (black smoke, moderately wounded, unusually resistant, catching its breath, weak-willed, chance to affect: 53%)
You feel a surge of power!
The storm dragon resists with some effort.
The vault guard hits you with a +2 great sword of flaming.
* * * LOW HITPOINT WARNING * * *
The storm dragon bites you but does no damage.
The storm dragon claws you but does no damage.
The storm dragon tramples you but does no damage.
Aiming: Paralyse
Press: ? - help, Shift-Dir - straight line, f/p - storm dragon
Aim: a storm dragon (black smoke, moderately wounded, unusually resistant, catching its breath, weak-willed, chance to affect: 53%)
You feel a surge of power!
The storm dragon suddenly stops moving!
The vault guard hits you with a +2 great sword of flaming.
* * * LOW HITPOINT WARNING * * *
The vault guard burns you.
* * * LOW HITPOINT WARNING * * *
The deep elf zephyrmancer casts a spell at you.
The bolt of lightning hits the storm dragon.
The storm dragon completely resists.
The bolt of lightning hits you!
You die...
Xom chuckles heartily!

......... ,, , ,,, ,
........############*
**
.......[.[).........
, , *
....e.D.)).)..e....
,, ,,,,, *
...D..[.###..5c.)..
,, ,, * ...#....#
#§§'#§..., , *
#..†)###§§e#'''# , ,
, ,#.....##§pD# , , ,
#.....##§§@# ,,
#.....###### ,** , ,
,, , ,,, #)[...#* **
* * , , ,#........ ,
, , , , ,#.......⌠.#*
, ,..e..#
,#....#.........#* ,,
..Qe.#
#....#.........# ' *
#....#
#....#.........###
,,#### #e...#
#....#...........#
#... #.§.§#


You could see a storm dragon (resistant, paralysed, catching breath,
weak-willed), a vault guard (weak-willed) and a deep elf zephyrmancer
(empowered, weak-willed).

Vanquished Creatures
  A lich (Vaults:5)
  3 titans (Vaults:5)
  2 quicksilver dragons (Vaults:5)
  3 tengu reavers (Vaults:5)
  A storm dragon (Vaults:5)
  A fenstrider witch (Vaults:2)
  3 nagarajas (Snake:4)
  2 fire giants (Vaults:5)
  2 frost giants (Vaults:5)
  3 vault wardens
  An orc warlord (Orc:1)
  An ironbound thunderhulk (Vaults:4)
  A stone giant (Vaults:5)
  3 ironbound preservers
  3 deep elf demonologists
  A red draconian (Volcano)
  A minotaur (Shoals:4)
  A bunyip (shapeshifter) (D:13)
  3 merfolk impalers
  A deep elf high priest (Vaults:5)
  4 ettins
  2 merfolk javelineers
  2 great orbs of eyes (Vaults:4)
  3 vault guards
  2 yaktaur captains (Vaults:5)
  Erolcha (Orc:2)
  A rakshasa (D:15)
  2 boulder beetles
  A peacekeeper (WizLab)
  4 hydras
  3 catoblepae
  2 merfolk aquamancers (Shoals:2)
  7 anacondas
  A death knight (D:14)
  2 merfolk avatars
  A two-headed ogre (D:13)
  An ironbound frostheart (Vaults:4)
  4 naga warriors
  An alligator snapping turtle (Shoals:2)
  9 centaur warriors
  10 satyrs
  8 death yaks
  4 shock serpents
  An orc high priest (Orc:2)
  3 naga sharpshooters (Snake:4)
  A fire crab (Lair:6)
  Amaemon (Lair:3)
  A salamander mystic (Volcano)
  5 sea snakes
  2 goliath frogs
  7 deep trolls
  A glowing orange brain (shapeshifter) (Vaults:5)
  A skeletal warrior (D:11)
  A naga ritualist (Snake:4)
  A phantasmal warrior (D:15)
  3 orc knights
  6 ironbound convokers
  2 lindwurms (Lair:6)
  9 orc sorcerers
  4 mana vipers
  5 harpies
  2 necromancers
  3 deep elf pyromancers
  4 cyclopes
  A wolf spider (D:15)
  12 ugly things
  A manticore (shapeshifter) (Shoals:3)
  A salamander (shapeshifter) (Lair:6)
  7 fauns
  12 manticores
  6 salamanders
  3 nameless horrors
  4 vault sentinels
  8 merfolk sirens
  21 black mambas
  10 elephants
  3 guardian serpents
  A torpor snail (Lair:3)
  A gargoyle (D:12)
  7 naga magi
  An unseen horror (shapeshifter) (Lair:3)
  Maggie (D:8)
  2 water nymphs
  An unseen horror (D:12)
  20 cane toads
  An orange demon (Lair:3)
  7 komodo dragons
  A rime drake (Lair:5)
  An efreet (D:11)
  10 yaktaurs
  2 kobold demonologists
  A komodo dragon (shapeshifter) (D:15)
  A yaktaur (shapeshifter) (D:10)
  3 meliai (D:14)
  16 merfolk
  A hornet (shapeshifter) (D:15)
  7 trolls
  4 slime creatures
  A polar bear (Lair:3)
  2 tyrant leeches (Lair:6)
  6 wind drakes
  A tarantella (Snake:1)
  9 blink frogs
  4 snapping turtles
  2 centaur simulacra
  3 shadows
  6 vampires
  4 wraiths
  7 water elementals
  44 yaks
  9 wyverns
  A hog (D:10)
  2 steam dragons
  A hog (shapeshifter) (D:14)
  9 vampire mosquitoes
  3 basilisks
  A basilisk (shapeshifter) (D:15)
  21 nagas
  4 wargs
  An acid dragon (D:11)
  5 water moccasins
  15 orc warriors
  5 black bears
  A swamp drake (D:10)
  2 black bears (shapeshifter)
  2 ice beasts
  A sky beast (D:8)
  15 wolves
  An ogre (shapeshifter) (D:14)
  8 ogres
  A phantom (D:5)
  16 centaurs
  4 kobold brigands
  20 bullfrogs
  A necrophage (D:7)
  A scorpion (D:6)
  10 wights
  4 killer bees (D:5)
  6 howler monkeys
  2 electric eels (Lair:6)
  2 hounds
  7 orc priests
  2 gnoll shamans
  4 iguanas
  27 orc wizards
  6 hell rats
  2 mummies (Ossuary)
  15 gnolls
  6 adders
  A white imp (D:7)
  An ufetubus (D:5)
  A dart slug (D:4)
  45 orcs
  8 ball pythons
  9 endoplasms
  2 giant cockroaches
  2 hobgoblins
  A quokka (D:1)
  4 bats
  3 frilled lizards
  5 goblins
  4 goblin zombies (Ossuary)
  3 hobgoblin zombies (Ossuary)
  21 kobolds
  3 kobold zombies (Ossuary)
  2 rats
  A bush (D:11)
801 creatures vanquished.

Vanquished Creatures (collateral kills)
  An ancient lich (Vaults:5)
  A tentacled monstrosity (Vaults:5)
  2 sphinxes
  A shadow dragon (Vaults:5)
  Donald (Snake:2)
  7 nagarajas (Snake:4)
  A fire giant (Vaults:5)
  An orc warlord (Vaults:3)
  6 vault wardens
  A frost giant (Vaults:5)
  3 stone giants (Vaults:5)
  A war gargoyle (Vaults:5)
  4 ironbound preservers
  3 dire elephants (Vaults:2)
  A minotaur (Shoals:4)
  An entropy weaver (Vaults:5)
  A fire dragon (Shoals:1)
  2 yaktaur captains (Vaults:5)
  8 vault guards (Vaults:5)
  An ogre mage (Vaults:5)
  An ironbound frostheart (Vaults:4)
  2 anacondas
  2 satyrs (Shoals:4)
  A merfolk aquamancer (Shoals:4)
  6 naga warriors
  2 naga sharpshooters (Snake:4)
  An alligator snapping turtle (Shoals:4)
  2 deep troll earth magi (Vaults:5)
  3 sea snakes
  A salamander mystic (Snake:4)
  4 deep trolls
  3 phantasmal warriors
  2 lindwurms (Vaults:2)
  A harpy (Shoals:4)
  An orc knight (Vaults:3)
  An ironbound convoker (Vaults:5)
  A manticore (Shoals:4)
  A salamander (Snake:4)
  4 fauns
  5 vault sentinels
  3 guardian serpents (Snake:4)
  An elephant (Lair:6)
  4 naga magi (Snake:4)
  A gargoyle (WizLab)
  3 black mambas
  A torpor snail (Vaults:4)
  13 yaktaurs
  A komodo dragon (shapeshifter) (D:15)
  A troll (D:10)
  2 merfolk
  A wind drake (Shoals:4)
  A polar bear (Vaults:1)
  A blink frog (Lair:6)
  2 slime creatures (Vaults:4)
  A nameless horror (Vaults:5)
  A yak (D:10)
  3 nagas (Snake:4)
  A kobold brigand (D:10)
  A howler monkey (D:10)
  A gnoll shaman (D:10)
  An orc wizard (D:10)
  An orc (Orc:2)
136 creatures vanquished.

Vanquished Creatures (others)
  A storm dragon (Vaults:5)
  A yaktaur captain (Vaults:4)
  A vault guard (Vaults:5)
  A hydra (D:15)
  6 dancing weapons
  A merfolk aquamancer (Shoals:4)
  An alligator snapping turtle (Shoals:2)
  A deep troll (Vaults:5)
  A harpy (Vaults:4)
  Pikel (D:4)
  An ugly thing (D:10)
  A vault sentinel (Vaults:1)
  An unseen horror (D:11)
  A cane toad (Lair:6)
  A komodo dragon (shapeshifter) (D:15)
  2 merfolk
  A blink frog (Lair:6)
  2 slime creatures (D:15)
  A snapping turtle (Shoals:3)
  2 satyr zombies (Shoals:4)
  A lemure (D:4)
  3 orc wizards (Orc:2)
  2 hell rats (Lair:5)
  3 orcs (Orc:2)
  An orc zombie (Orc:2)
  21 fungi
  94 plants
  2 withered plants (Lair:2)
155 creatures vanquished.

Grand Total: 1092 creatures vanquished

Notes
Turn   | Place    | Note
-------+----------+-------------------------------------------
     0 | D:1      | Flugkiller the Meteoran Chaos Knight began the quest for
                  | the Orb.
     0 | D:1      | Reached XP level 1. HP: 19/19 MP: 2/2
    63 | D:1      | Reached XP level 2. HP: 25/26 MP: 3/3
    97 | D:2      | Found a shimmering altar of Xom.
   122 | D:2      | Reached XP level 3. HP: 21/31 MP: 4/4
   186 | D:1      | Found a faded altar of an unknown god.
   249 | D:1      | XOM: divination: detect creatures
   428 | D:2      | Reached XP level 4. HP: 27/40 MP: 5/5
   658 | D:3      | Reached XP level 5. HP: 43/46 MP: 6/6
   756 | D:3      | XOM: scenery: create altars
   830 | D:4      | Found a sand-covered staircase.
   837 | Ossuary  | Entered an ossuary
   837 | Ossuary  | Noticed a wraith
   837 | Ossuary  | Noticed a wraith
   837 | Ossuary  | Noticed a wraith
   954 | Ossuary  | Identified a scroll of acquirement
   974 | Ossuary  | Identified the +7 rapier of the Sheltering Gods {holy,
                  | Fragile rF+ Dex+3} (Xom gifted it to you in an ossuary)
   974 | Ossuary  | XOM: god gift: +7 rapier of the Sheltering Gods {chaos,
                  | Fragile rF+ Dex+3}
   978 | Ossuary  | Reached XP level 6. HP: 52/52 MP: 7/7
  1084 | Ossuary  | Noticed a wraith
  1084 | Ossuary  | XOM: enchant monster (good)
  1149 | D:4      | Noticed Pikel
  1163 | D:4      | Killed Pikel
  1163 | D:4      | XOM: divine lightning
  1164 | D:4      | Reached skill level 1 in Short Blades
  1247 | D:4      | Found a staircase to the Ecumenical Temple.
  1299 | D:5      | Entered Level 5 of the Dungeon
  1361 | D:5      | Reached skill level 5 in Fighting
  1361 | D:5      | Reached XP level 7. HP: 38/61 MP: 8/8
  1491 | D:5      | XOM: god gift: scroll of acquirement
  1504 | D:5      | XOM: god gift: scroll of teleportation
  1511 | D:4      | Acquired a +2 helmet of intelligence
  1518 | D:4      | Acquired a manual of Short Blades
  1715 | D:5      | XOM: give mutations
  1715 | D:5      | Gained mutation: You have hidden genetic potential. [Xom's
                  | grace]
  1715 | D:5      | Gained mutation: You possess an exceptional clarity of
                  | mind. [Xom's grace]
  1759 | D:5      | You fall into a shaft and drop 1 floor!
  1790 | D:6      | Reached skill level 5 in Dodging
  1790 | D:6      | Reached XP level 8. HP: 70/70 MP: 9/9
  1841 | D:6      | XOM: scenery: 3 doors open
  2015 | D:5      | Gained mutation: Your flesh is heat resistant. (rF+)
                  | [hidden potential]
  2082 | D:5      | Reached skill level 5 in Short Blades
  2104 | D:5      | XOM: 8-stop teleportation journey
  2144 | D:5      | XOM: summons 5 hostile demons
  2322 | D:7      | XOM: summons 5 hostile demons
  2330 | D:7      | XOM: 1-stop teleportation journey
  2333 | D:7      | XOM: 1-stop teleportation journey
  2335 | D:7      | XOM: noise
  2340 | D:7      | Gained mutation: You passively map the area around you.
                  | [Meteoran growth]
  2340 | D:7      | Reached XP level 9. HP: 78/78 MP: 10/10
  2342 | D:7      | XOM: silly message
  2354 | D:7      | XOM: divination: detect items
  2385 | D:7      | XOM: potion effect (curing)
  2401 | D:7      | XOM: enchant monster (good)
  2403 | D:7      | Gained mutation: You have great hidden genetic potential.
                  | [hidden potential]
  2403 | D:7      | Lost mutation: You have great hidden genetic potential.
                  | [hidden potential expressed]
  2493 | D:7      | XOM: confuse monster(s)
  2549 | D:7      | Found a transporter.
  2549 | D:7      | Found a transporter.
  2579 | D:8      | XOM: cloud trail
  2595 | D:8      | Noticed Maggie
  2596 | D:8      | XOM: enchant monster (good)
  2603 | D:8      | Killed Maggie
  2604 | D:8      | Reached XP level 10. HP: 86/88 MP: 11/11
  2712 | D:8      | XOM: repel stairs
  2727 | D:8      | Reached skill level 10 in Short Blades
  2752 | D:8      | Gained mutation: You are agile. (Dex +2) [hidden potential]
  2932 | D:8      | Reached skill level 1 in Evocations
  3055 | D:9      | XOM: summons friendly crimson imp
  3116 | D:10     | Entered Level 10 of the Dungeon
  3255 | D:9      | XOM: scenery: summon butterflies
  3309 | D:9      | Identified the +5 ring mail of the Original Sin {Harm rElec
                  | rF+ Will+}
  3323 | D:9      | Reached skill level 5 in Evocations
  3481 | D:10     | XOM: polymorph troll -> hog
  3515 | D:10     | XOM: polymorph kobold brigand -> swamp drake
  3516 | D:10     | Noticed a kobold demonologist
  3517 | D:10     | Found a shimmering altar of Xom.
  3525 | D:10     | Noticed a hellwing
  3530 | D:10     | Reached skill level 5 in Armour
  3542 | D:10     | Noticed a rust devil
  3544 | D:10     | Found a staircase to the Orcish Mines.
  3548 | D:10     | Reached XP level 11. HP: 76/97 MP: 12/12
  3594 | D:10     | Reached skill level 1 in Spellcasting
  3596 | D:10     | Gained mutation: You expend magic power (3 MP) to
                  | strengthen your wands. [hidden potential]
  3596 | D:10     | Lost mutation: You have hidden genetic potential. [hidden
                  | potential expressed]
  3698 | D:10     | Noticed a cyclops
  3698 | D:10     | Noticed a centaur warrior
  3699 | D:10     | Noticed a guardian serpent
  3707 | D:10     | XOM: destruction
  3715 | D:10     | XOM: divination: magic mapping
  3718 | D:10     | Noticed a fire crab
  3718 | D:10     | a guardian serpent changed into a fire crab
  3721 | D:10     | Noticed a manticore
  3723 | D:10     | Killed a manticore
  3724 | D:10     | Reached skill level 10 in Fighting
  3725 | D:10     | Killed a centaur warrior
  3752 | D:10     | Noticed a red ugly thing
  3752 | D:10     | Noticed a green ugly thing
  3753 | D:10     | Noticed a white ugly thing
  3756 | D:10     | XOM: scenery: create altars
  3760 | D:10     | XOM: scenery: create altars
  3774 | D:10     | Found a staircase to the Lair.
  3774 | D:10     | XOM: 8-stop teleportation journey
  3783 | D:10     | XOM: god gift: Gukis's Volume of the Ghastly Rocks {god
                  | gift}
  3785 | D:10     | Got Gukis's Volume of the Ghastly Rocks {god gift}
  3792 | D:10     | Noticed an orc knight
  3796 | D:10     | XOM: confuse monster(s)
  3809 | D:10     | Noticed a centaur warrior
  3809 | D:10     | Killed an orc knight
  3810 | D:10     | XOM: divination: detect creatures
  3825 | D:10     | Killed a centaur warrior
  3838 | D:10     | Killed a cyclops
  3901 | Lair:1   | Entered Level 1 of the Lair of Beasts
  3925 | Lair:1   | Reached XP level 12. HP: 112/112 MP: 16/16
  3930 | Lair:1   | You fall into a shaft and drop 1 floor!
  3976 | Lair:1   | XOM: cast spell 'Statue Form'
  4088 | Lair:1   | Identified the +1 scale mail of Uskayaw's Generosity
                  | {Int+2}
  4107 | Lair:1   | XOM: confuse monster(s)
  4134 | Lair:2   | Reached skill level 10 in Dodging
  4221 | Lair:2   | Found a runed translucent door.
  4284 | Lair:2   | Noticed initializr's ghost (journeyman HOFi)
  4298 | Lair:2   | XOM: silly message
  4308 | Lair:2   | XOM: noise
  4311 | Lair:2   | Reached skill level 10 in Armour
  4329 | Lair:2   | Found a dark tunnel.
  4336 | Volcano  | Entered a volcano
  4354 | Volcano  | XOM: noise
  4379 | Volcano  | Noticed a red draconian
  4406 | Volcano  | Killed a red draconian
  4424 | Volcano  | Noticed a salamander mystic
  4449 | Volcano  | Killed a salamander mystic
  4510 | Volcano  | Reached XP level 13. HP: 83/122 MP: 17/17
  4547 | Volcano  | XOM: god gift: 24 gold pieces
  4616 | Lair:2   | XOM: cast spell 'Statue Form'
  4654 | Lair:3   | Noticed a catoblepas
  4664 | Lair:3   | XOM: confuse monster(s)
  4666 | Lair:3   | Killed a catoblepas
  4672 | Lair:3   | XOM: cast spell 'Metabolic Englaciation'
  4688 | Lair:2   | XOM: divination: detect items
  4717 | Lair:2   | Learned a level 4 spell: Anguish
  4740 | Lair:3   | XOM: blink monster(s)
  4745 | Lair:3   | Reached skill level 1 in Hexes
  4751 | Lair:3   | Reached skill level 1 in Necromancy
  4876 | Lair:3   | XOM: enchant monster (good)
  4880 | Lair:3   | XOM: cast spell 'Summon Cactus Giant'
  4972 | Lair:3   | XOM: 1-stop teleportation journey
  4975 | Lair:3   | Noticed Amaemon
  4996 | Lair:3   | XOM: potion effect (heal wounds)
  4999 | Lair:3   | XOM: potion effect (brilliance)
  5012 | Lair:3   | Killed Amaemon
  5051 | Lair:3   | Found a staircase to the Shoals.
  5074 | Lair:3   | Reached skill level 5 in Hexes
  5117 | Lair:4   | Reached skill level 5 in Necromancy
  5128 | Lair:4   | XOM: confuse monster(s)
  5150 | Lair:4   | Noticed a six-headed hydra
  5155 | Lair:4   | XOM: confuse monster(s)
  5158 | Lair:4   | XOM: confuse monster(s)
  5158 | Lair:4   | Killed a six-headed hydra
  5194 | Lair:4   | Noticed a death yak
  5195 | Lair:4   | Noticed a death yak
  5196 | Lair:4   | Noticed a death yak
  5196 | Lair:4   | Noticed a death yak
  5199 | Lair:4   | XOM: noise
  5206 | Lair:4   | XOM: potion effect (brilliance)
  5209 | Lair:4   | XOM: potion effect (berserk rage)
  5212 | Lair:4   | Killed a death yak
  5215 | Lair:4   | Killed a death yak
  5218 | Lair:4   | XOM: noise
  5228 | Lair:4   | Killed a death yak
  5229 | Lair:4   | Killed a death yak
  5270 | Lair:5   | XOM: summons 1 hostile shadow creature
  5288 | Lair:5   | XOM: potion effect (brilliance)
  5291 | Lair:5   | Reached XP level 14. HP: 32/120 MP: 21/21
  5308 | Lair:4   | XOM: give mutations
  5308 | Lair:4   | Gained mutation: You are strong-willed. (Will+) [Xom's
                  | mischief]
  5308 | Lair:4   | Gained mutation: You are weak. (Str -2) [Xom's mischief]
  5308 | Lair:4   | Gained mutation: You are dopey. (Int -2) [Xom's mischief]
  5308 | Lair:4   | Lost mutation: You are dopey. (Int -2) [Xom's mischief]
  5339 | Lair:4   | Found a staircase to the Snake Pit.
  5397 | Lair:5   | XOM: 5-stop teleportation journey
  5413 | Lair:5   | XOM: enchant monster (good)
  5426 | Lair:4   | XOM: summons 5 friendly demons
  5428 | Lair:4   | XOM: divination: magic mapping
  5471 | Lair:4   | XOM: god gift: pair of spiked gloves {god gift}
  5471 | Lair:4   | Identified the +0 pair of gloves of Mental Paralysis {Will+
                  | Str+4 Int-5 Dex+3} (Xom gifted it to you on level 4 of the
                  | Lair of Beasts)
  5497 | Lair:4   | XOM: confuse monster(s)
  5661 | Lair:6   | Entered Level 6 of the Lair of Beasts
  5778 | Lair:6   | XOM: summons 7 friendly demons
  5799 | Lair:6   | XOM: summons 2 friendly demons
  5803 | Lair:6   | XOM: potion effect (haste)
  5805 | Lair:6   | XOM: cast spell 'Monstrous Menagerie'
  5813 | Lair:6   | XOM: summons 5 friendly demons
  5842 | Lair:6   | XOM: destruction
  5856 | Lair:6   | XOM: enchant monster (good)
  5885 | Lair:6   | XOM: silly message
  5886 | Lair:6   | Reached skill level 5 in Spellcasting
  5893 | Lair:6   | XOM: enchant monster (good)
  5949 | Lair:6   | XOM: enchant monster (good)
  5984 | Lair:6   | XOM: potion effect (curing)
  6186 | Lair:6   | XOM: enchant monster (good)
  6205 | Lair:6   | XOM: cast spell 'Summon Small Mammal'
  6215 | Lair:6   | Reached XP level 15. HP: 94/138 MP: 15/23
  6220 | Lair:6   | Reached skill level 10 in Hexes
  6250 | Lair:5   | XOM: god gift: 16 gold pieces
  6383 | Lair:6   | XOM: polymorph blink frog -> ice beast
  6388 | Lair:6   | XOM: confuse monster(s)
  6429 | Lair:6   | Identified the +2 shortbow "Mekuplof" {venom, rElec rC+}
  6436 | Lair:6   | XOM: divination: detect creatures
  6441 | Lair:6   | XOM: scenery: create altars
  6452 | Lair:6   | XOM: 2-stop teleportation journey
  6469 | Lair:6   | Reached skill level 10 in Evocations
  6628 | Lair:4   | XOM: blink monster(s)
  6776 | D:10     | XOM: polymorph white ugly thing -> red ugly thing
  6814 | Orc:1    | Entered Level 1 of the Orcish Mines
  6843 | Orc:2    | Entered Level 2 of the Orcish Mines
  6873 | Orc:2    | XOM: blink monster(s)
  6874 | Orc:2    | XOM: summons 3 hostile shadow creatures
  6876 | Orc:2    | XOM: potion effect (heal wounds)
  6887 | Orc:2    | Noticed an orc warlord
  6893 | Orc:2    | XOM: potion effect (curing)
  6944 | Orc:2    | XOM: potion effect (brilliance)
  7026 | D:11     | Acquired the amulet of Ketieng {Acrobat rPois Will++ rCorr
                  | Stlth-}
  7105 | D:11     | XOM: divination: detect items
  7107 | D:11     | XOM: divination: detect creatures
  7118 | D:11     | XOM: potion effect (curing)
  7189 | D:11     | XOM: potion effect (haste)
  7302 | Orc:1    | XOM: cast spell 'Summon Small Mammal'
  7303 | Orc:1    | XOM: divination: magic mapping
  7325 | Orc:1    | XOM: divination: detect creatures
  7334 | Orc:2    | XOM: confuse monster(s)
  7344 | Orc:2    | XOM: cast spell 'Summon Ice Beast'
  7347 | Orc:2    | XOM: divination: detect creatures
  7424 | Orc:2    | XOM: cloud trail
  7459 | Orc:2    | Found a staircase to the Elven Halls.
  7495 | Orc:2    | Found Nuavoloz's Antique Armour Boutique.
  7499 | Orc:2    | XOM: divination: detect items
  7535 | Orc:2    | Found an ancient bone altar of Kikubaaqudgha.
  7540 | Orc:2    | XOM: destruction
  7544 | Orc:2    | Reached skill level 15 in Fighting
  7547 | Orc:2    | Found Xyzxitijial's Jewellery Boutique.
  7553 | Orc:2    | XOM: cleaving
  7570 | Orc:2    | Noticed Erolcha
  7572 | Orc:2    | XOM: scenery: summon butterflies
  7574 | Orc:2    | Found a radiant altar of Vehumet.
  7581 | Orc:2    | Killed Erolcha
  7602 | Orc:2    | XOM: cleaving
  7615 | Orc:2    | Found Qolidol's Magic Scroll Shop.
  7619 | Orc:2    | Found Dublemno's Antique Weapon Shop.
  7622 | Orc:2    | XOM: silly message
  7626 | Orc:2    | Bought a scroll of acquirement for 728 gold pieces
  7634 | Orc:2    | Acquired the +8 lance "Wyrmbane" {slay drac, rPois rF+ rC+
                  | AC+3}
  7634 | Orc:2    | Found the +8 lance "Wyrmbane" {slay drac, rPois rF+ rC+
                  | AC+3}
  7699 | Orc:2    | Bought a +4 ring of protection for 576 gold pieces
  7741 | Orc:2    | XOM: divination: detect creatures
  7827 | Orc:1    | XOM: cast spell 'Summon Ice Beast'
  7870 | Orc:2    | XOM: potion effect (heal wounds)
  7884 | Orc:1    | Killed an orc warlord
  7891 | Orc:2    | XOM: enchant monster (good)
  7997 | D:11     | XOM: scenery: create altars
  8090 | D:11     | Reached XP level 16. HP: 93/150 MP: 24/24
  8162 | D:11     | Learned a level 4 spell: Animate Armour
  8268 | D:12     | XOM: 3-stop teleportation journey
  8292 | D:12     | XOM: summons 2 friendly demons
  8300 | D:12     | Reached skill level 1 in Earth Magic
  8305 | D:12     | Reached skill level 1 in Summonings
  8469 | D:12     | XOM: smoke on damage
  8589 | D:12     | You fall into a shaft and drop 1 floor!
  8620 | D:13     | XOM: summons 5 friendly demons
  8677 | D:13     | XOM: potion effect (curing)
  8728 | D:13     | Found a gate to the Vaults.
  8815 | D:13     | XOM: enchant monster (good)
  8825 | D:13     | XOM: cleaving
  8847 | D:13     | XOM: scenery: 2 doors open, 1 doors close
  9112 | D:14     | XOM: enchant monster (good)
  9127 | D:14     | XOM: cleaving
  9151 | D:14     | XOM: give mutations
  9151 | D:14     | Gained mutation: Your mind is acute. (Int +2) [Xom's grace]
  9151 | D:14     | Gained mutation: You are highly strong-willed. (Will++)
                  | [Xom's grace]
  9151 | D:14     | Gained mutation: You are robust. (+10% HP) [Xom's grace]
  9151 | D:14     | Gained mutation: Your spells are a little harder to cast,
                  | but a little more powerful. [Xom's grace]
  9155 | D:14     | XOM: divination: magic mapping
  9177 | D:14     | Found a portal to a secret trove of treasure.
  9181 | Trove    | Entered a treasure trove
  9301 | D:14     | XOM: swap monsters
  9303 | D:14     | XOM: 7-stop teleportation journey
  9340 | D:14     | XOM: polymorph brown ugly thing -> purple ugly thing
  9352 | D:14     | Reached skill level 5 in Earth Magic
  9519 | D:15     | Entered Level 15 of the Dungeon
  9529 | D:15     | XOM: blink monster(s)
  9536 | D:15     | Reached skill level 5 in Summonings
  9563 | D:15     | XOM: divine lightning
  9627 | D:15     | Found Hampool's Jewellery Shoppe.
  9694 | D:15     | XOM: enchant monster (good)
  9705 | D:15     | XOM: divination: magic mapping
  9727 | D:15     | XOM: potion effect (curing)
  9790 | D:15     | Identified the ring of Oletyari {Str+2 SInv}
  9812 | D:15     | XOM: enchant monster (good)
  9828 | D:15     | Bought the ring "Macsaadgh" {EV+4 Int+5} for 909 gold
                  | pieces
  9873 | D:15     | XOM: cast spell 'Summon Ice Beast'
 10017 | D:15     | XOM: enchant monster (bad)
 10066 | D:15     | Found a staircase to the Depths.
 10135 | D:14     | XOM: draining
 10144 | D:14     | XOM: blink monster(s)
 10147 | D:14     | XOM: cast spell 'Cause Fear'
 10163 | D:14     | Reached skill level 5 in Axes
 10393 | Shoals:1 | Entered Level 1 of the Shoals
 10582 | Shoals:1 | Reached XP level 17. HP: 117/161 MP: 25/25
 10772 | Shoals:1 | Found Elu Gen's General Store.
 10793 | Shoals:1 | XOM: 2-stop teleportation journey
 10834 | Shoals:1 | XOM: smoke on damage
 11135 | Shoals:2 | XOM: potion effect (berserk rage)
 11258 | Shoals:3 | XOM: silly message
 11281 | Shoals:3 | Found Kup Cuuba's Antique Armour Shop.
 11290 | Shoals:3 | XOM: confuse monster(s)
 11303 | Shoals:3 | XOM: enchant monster (good)
 11326 | Shoals:3 | XOM: silly message
 11423 | Shoals:3 | XOM: polymorph manticore -> glowing shapeshifter
 11497 | Shoals:4 | Entered Level 4 of the Shoals
 11737 | Shoals:4 | XOM: fog
 11911 | Shoals:4 | XOM: cast spell 'Leda's Liquefaction'
 11919 | Shoals:4 | XOM: divination: detect items
 11937 | Shoals:4 | XOM: scenery: 1 doors close
 11945 | Shoals:4 | Reached skill level 10 in Axes
 11958 | Shoals:4 | XOM: enchant monster (good)
 12017 | Shoals:4 | XOM: scenery: 2 doors close
 12036 | Shoals:4 | XOM: summons 4 friendly demons
 12047 | Shoals:4 | Gained mutation: You passively map a large area around you.
                  | [Meteoran growth]
 12047 | Shoals:4 | Reached XP level 18. HP: 48/182 MP: 18/26
 12170 | Shoals:4 | XOM: scenery: 1 doors close
 12244 | Shoals:4 | XOM: confuse monster(s)
 12312 | Shoals:4 | Noticed a sphinx
 12318 | Shoals:4 | XOM: cast spell 'Statue Form'
 12321 | Shoals:4 | Killed a sphinx
 12345 | Shoals:4 | Got a barnacled rune of Zot
 12355 | Shoals:4 | Found the +8 Vampire's Tooth {vamp}
 12361 | Shoals:4 | XOM: enchant monster (good)
 12393 | Shoals:4 | XOM: enchant monster (bad)
 12437 | Shoals:4 | XOM: enchant monster (good)
 12494 | Shoals:3 | XOM: god gift: 2 potions of degeneration
 12534 | Shoals:2 | XOM: smoke on damage
 12634 | Shoals:1 | XOM: 8-stop teleportation journey
 12681 | Shoals:1 | Bought a potion of cancellation for 136 gold pieces
 12800 | Snake:1  | Entered Level 1 of the Snake Pit
 12872 | Snake:2  | Found a white marble altar of Elyvilon.
 12873 | Snake:2  | Noticed Donald
 12875 | Snake:2  | XOM: silly message
 12894 | Snake:2  | XOM: summons friendly white imp
 12899 | Snake:2  | XOM: potion effect (haste)
 12904 | Snake:2  | Killed Donald
 12911 | Snake:2  | Learned a level 5 spell: Irradiate
 13047 | Snake:1  | XOM: enchant monster (good)
 13059 | Snake:1  | Reached skill level 1 in Shields
 13059 | Snake:1  | Reached skill level 1 in Conjurations
 13059 | Snake:1  | Reached skill level 1 in Transmutations
 13132 | Snake:1  | XOM: stat loss: -1 Str (14/15)
 13145 | Snake:1  | XOM: swap monsters
 13147 | Snake:1  | XOM: 1-stop teleportation journey
 13153 | Snake:1  | XOM: polymorph black mamba -> tarantella
 13249 | Snake:1  | XOM: swap monsters
 13334 | Snake:1  | XOM: give mutations
 13334 | Snake:1  | Lost mutation: Your flesh is heat resistant. (rF+) [Xom's
                  | mischief]
 13334 | Snake:1  | Lost mutation: You are robust. (+10% HP) [Xom's mischief]
 13404 | Snake:2  | XOM: swap monsters
 13407 | Snake:2  | XOM: 2-stop teleportation journey
 13420 | Snake:2  | XOM: summons 1 hostile demon
 13473 | Snake:2  | XOM: polymorph naga -> black bear
 13486 | Snake:2  | XOM: swap monsters
 13560 | Snake:2  | XOM: silly message
 13634 | Snake:3  | XOM: divination: magic mapping
 13643 | Snake:3  | XOM: silly message
 13690 | Snake:4  | Entered Level 4 of the Snake Pit
 13712 | Snake:4  | XOM: fog
 13771 | Snake:3  | XOM: confuse monster(s)
 13804 | Snake:3  | XOM: summons friendly crimson imp
 13817 | Snake:3  | XOM: chaos upgrade
 13818 | Snake:3  | XOM: blink monster(s)
 13820 | Snake:3  | XOM: summons 5 hostile demons
 13827 | Snake:3  | Found a bloodstained altar of Trog.
 13827 | Snake:3  | XOM: 1-stop teleportation journey
 13840 | Snake:3  | XOM: blink monster(s)
 13842 | Snake:3  | XOM: fog
 13862 | Snake:3  | XOM: confuse monster(s)
 13864 | Snake:3  | XOM: silly message
 14088 | Snake:4  | Found a frozen archway.
 14101 | Snake:4  | XOM: summons 4 friendly demons
 14114 | Snake:4  | XOM: summons 1 hostile shadow creature
 14268 | Snake:4  | XOM: silly message
 14335 | Snake:4  | XOM: smoke on damage
 14374 | Snake:4  | Reached XP level 19. HP: 124/172 MP: 28/32
 14400 | Snake:4  | Reached skill level 5 in Shields
 14400 | Snake:4  | Reached skill level 5 in Transmutations
 14417 | Snake:4  | XOM: enchant monster (good)
 14422 | Snake:4  | Reached skill level 5 in Conjurations
 14636 | Snake:4  | XOM: confuse monster(s)
 14638 | Snake:4  | XOM: noise
 14663 | Snake:4  | XOM: divination: detect items
 14689 | Snake:4  | XOM: blink monster(s)
 14698 | Snake:4  | XOM: cast spell 'Necromutation'
 14700 | Snake:4  | XOM: enchant monster (bad)
 14701 | Snake:4  | XOM: chaos upgrade
 14711 | Snake:4  | XOM: enchant monster (bad)
 14837 | Snake:4  | XOM: 5-stop teleportation journey
 14869 | Snake:4  | XOM: silly message
 14873 | Snake:4  | XOM: confuse monster(s)
 14970 | Snake:4  | Got a serpentine rune of Zot
 15046 | Snake:3  | XOM: summons 1 hostile demon
 15056 | Snake:3  | XOM: stat loss: -1 Dex (20/21)
 15320 | Vaults:1 | Entered Level 1 of the Vaults
 15372 | Vaults:1 | XOM: stat loss: -1 Str (14/15)
 15383 | Vaults:2 | XOM: smoke on damage
 15390 | Vaults:2 | XOM: swap monsters
 15448 | Vaults:2 | XOM: silly message
 15506 | Vaults:2 | XOM: chaos cloud
 15514 | Vaults:2 | XOM: polymorph dire elephant -> fenstrider witch
 15529 | Vaults:2 | Reached skill level 10 in Spellcasting
 15568 | Vaults:2 | XOM: scenery: 1 doors open, 1 doors close
 15687 | Vaults:2 | Found a staircase to the Crypt.
 15714 | Vaults:2 | XOM: 2-stop teleportation journey
 15783 | Vaults:1 | XOM: silly message
 15790 | Vaults:1 | XOM: enchant monster (good)
 15843 | Vaults:1 | XOM: summons friendly iron imp
 15859 | Vaults:1 | XOM: potion effect (heal wounds)
 15860 | Vaults:1 | XOM: confuse monster(s)
 15874 | Vaults:1 | XOM: blink monster(s)
 15959 | Vaults:2 | XOM: summons 2 friendly demons
 15969 | Vaults:2 | XOM: god gift: wand of mindburst (1)
 15977 | Vaults:2 | XOM: confuse monster(s)
 16262 | Vaults:4 | XOM: cast spell 'Summon Dragon'
 16298 | Vaults:4 | Reached XP level 20. HP: 180/180 MP: 32/35
 16301 | Vaults:4 | XOM: polymorph deep troll -> torpor snail
 16366 | Vaults:4 | Found a magical portal.
 16396 | WizLab   | Entered Maxwell's Workshop
 16658 | Vaults:4 | Reached skill level 15 in Armour
 16808 | Vaults:4 | XOM: potion effect (might)
 16810 | Vaults:4 | XOM: 4-stop teleportation journey
 16955 | Vaults:5 | Entered Level 5 of the Vaults
 16956 | Vaults:5 | XOM: polymorph vault guard -> goliath frog
 16958 | Vaults:5 | XOM: summons friendly quasit
 17044 | Vaults:5 | XOM: enchant monster (bad)
 17045 | Vaults:5 | XOM: silly message
 17056 | Vaults:5 | XOM: cast spell 'Summon Hydra'
 17173 | Vaults:5 | XOM: noise
 17190 | Vaults:5 | XOM: summons friendly quasit
 17225 | Vaults:5 | XOM: confuse monster(s)
 17287 | Vaults:5 | XOM: summons 4 friendly demons
 17355 | Vaults:5 | Noticed a tentacled monstrosity
 17367 | Vaults:5 | XOM: summons friendly crimson imp
 17377 | Vaults:5 | XOM: cast spell 'Death Channel'
 17389 | Vaults:5 | Reached skill level 10 in Transmutations
 17394 | Vaults:5 | Reached skill level 10 in Shields
 17394 | Vaults:5 | Reached skill level 10 in Conjurations
 17399 | Vaults:5 | Killed a tentacled monstrosity
 17492 | Vaults:5 | XOM: 1-stop teleportation journey
 17585 | Vaults:5 | XOM: enchant monster (bad)
 17588 | Vaults:5 | XOM: noise
 17613 | Vaults:5 | Noticed a lich
 17613 | Vaults:5 | Noticed an ancient lich
 17613 | Vaults:5 | HP: 3/180 [fire giant/fireball (16)]
 17619 | Vaults:5 | Killed a lich
 17619 | Vaults:5 | Noticed Mennas
 17621 | Vaults:5 | XOM: noise
 17624 | Vaults:5 | Found Curug's Magic Scroll Emporium.
 17640 | Vaults:5 | Reached XP level 21. HP: 52/178 MP: 36/36
 17667 | Vaults:5 | Noticed an ancient lich
 17694 | Vaults:5 | XOM: give mutation
 17694 | Vaults:5 | Gained mutation: You occasionally shout uncontrollably at
                  | your foes. [Xom's mischief]
 17701 | Vaults:5 | Killed an ancient lich
 17720 | Vaults:5 | XOM: smoke on damage
 17729 | Vaults:5 | XOM: summons friendly quasit
 17732 | Vaults:5 | XOM: blink monster(s)
 17742 | Vaults:5 | XOM: summons friendly ufetubus
 17766 | Vaults:5 | Found Ditioc's Magic Scroll Shop.
 17768 | Vaults:5 | XOM: confuse monster(s)
 17780 | Vaults:5 | XOM: noise
 17781 | Vaults:5 | XOM: summons friendly quasit
 17783 | Vaults:5 | XOM: enchant monster (bad)
 17783 | Vaults:5 | HP: 6/188 [storm dragon/bolt of lightning (32)]
 17788 | Vaults:5 | HP: 4/188 [vault guard/+2 great sword of flaming (5)]
 17788 | Vaults:5 | Killed from afar by a deep elf zephyrmancer

Illustrated notes

Levels and vault maps discovered:
D:1:      dpeg_arrival_pits, layout_basic,
          shapermc_ecumenical_altar_starsandcircs, minmay_indecisive_spiral
D:2:      layout_basic, serial_shops, nicolae_shop_trees, basic_altar
D:3:      layout_loops_cross, gammafunk_ghost_mausoleum, kennysheep_potato
D:4:      layout_loops_corners, minmay_temple_entry_grid, enter_ossuary_1,
          minmay_misc_feat_doors, minmay_box_of_dots, uniq_pikel
D:5:      layout_basic
D:6:      nicolae_cairo_tiling_large, layout_cave_pods
D:7:      gammafunk_beogh_shrine, layout_rooms, grunt_ministairs_1, uniq_duvessa
D:8:      layout_rooms, serial_curves, eino_curves_03, eino_curves_03,
          uniq_maggie
D:9:      layout_cave_pods
D:10:     layout_big_octagon, xom_confusion_cloud, lair_entry_dummy,
          orc_0_dummy, minivault_28
D:11:     layout_cave_pools, serial_park, serial_park_square1
          [serial_park_minivault_5x5_3], serial_park_square3
          [serial_park_minivault_5x5_1], serial_park_square3
          [serial_park_minivault_5x5_8]
D:12:     layout_loops_ring
D:13:     layout_gridville, david_vaults_4
D:14:     layout_gridville, enter_trove_6
D:15:     hangedman_depths_entry_try_elsewhere_first, layout_rooms,
          minmay_shop_enchanted_jewellery, minmay_checkered_concentric_circles
Lair:1:   layout_small_grid, chequers_serial_rivers_micro_b,
          infiniplex_staircase_pool
Lair:2:   layout_regular_city, gammafunk_ghost_grave,
          nicolae_volcano_entry_two_sided, guppyfry_lair_drakes
Lair:3:   layout_cave_pods, minmay_shoals_entry_beasts, lemuel_fruit_tree,
          grunt_megastairs_2, uniq_amaemon
Lair:4:   layout_long_grid, guppyfry_snake_entry_garden, beast_lair_carwin_9
Lair:5:   layout_small_grid, grunt_megastairs_4
Lair:6:   minmay_lair_end_frog_pond, layout_misc_corridors,
          dpeg_slime_entry_enclosed_altar
Shoals:1: argonaut_golden_fleece, layout_shoals, serial_shops,
          nicolae_shop_statue_plus
Shoals:2: cheibrodos_shoals_epimethial_gifts, layout_shoals
Shoals:3: layout_shoals, serial_shops, nicolae_shop_hallway_stairs
Shoals:4: shoals_end_hellmonk_lost_city
Snake:1:  layout_grid_maze
Snake:2:  layout_concentric_octagons, basic_altar, serial_bayou_pond_d,
          serial_bayou_pond_d, minmay_shop_grove, uniq_donald
Snake:3:  layout_onion, basic_altar
Snake:4:  grunt_snake_rune_serpentine_throne, layout_cave_town,
          portal_ice_cave_entry_ice_statue_two, nicolae_snake_round_shape_thing
Orc:1:    layout_diamond_mine, basic_altar, trog_butcher_becter
Orc:2:    kennysheep_orc_mage_school, layout_caves
Vaults:1: vaults_mumra_bighexcomb, v_misc_3, grunt_vaults_hallway_short,
          v_misc_33, vaults_room_hallway, serial_ice_h, v_misc_27,
          hangedman_vaults_slice, nicolae_vaults_little_ls,
          ontoclasm_vaults_spin, nicolae_vaults_sealed_display,
          nicolae_vaults_little_squares_1, layout_vaults_ring
Vaults:2: nicolae_vaults_network_quincunx
          [nicolae_vaults_network_quincunx_subvault,
          nicolae_vaults_network_quincunx_subvault,
          nicolae_vaults_network_quincunx_subvault,
          nicolae_vaults_network_quincunx_subvault,
          nicolae_vaults_network_quincunx_subvault],
          nicolae_vaults_circle_grid_b, v_alt_pattern_5,
          ontoclasm_vaults_claustrophobia, minmay_crypt_entry_vampire_xt,
          vaults_room_door_hall, ontoclasm_vaults_chip, grunt_vaults_swirl,
          v_misc_9, vaults_dpeg_diagonal, ontoclasm_vaults_shuriken,
          nicolae_vaults_little_squares_3, layout_vaults_omnicross,
          serial_shops, nicolae_shop_trees
Vaults:3: nicolae_vaults_windows_and_doors_thing, ontoclasm_vaults_ligature,
          nicolae_vaults_murderbox, nicolae_vaults_network_periphery,
          vaults_room_semicircle, v_misc_24, vaults_room_corners,
          layout_vaults_quadrants, serial_shops, nicolae_lakefront_shop
Vaults:4: infiniplex_enter_wizlab_glasses, vaults_room_corners, v_misc_22,
          v_misc_16, vaults_standard_mumra_enter_the_diamond,
          grunt_vaults_twisty, nicolae_vaults_theta, v_misc_8,
          vaults_mumra_minichess_inversion, v_misc_4, grunt_vaults_bifocal,
          layout_vaults_big_room
Vaults:5: uniq_mennas

Skill      XL: |  1  2  3  4  5  6  7  8  9 10 11 12 13 14 15 16 17 18 19 20 21 |
---------------+----------------------------------------------------------------+-----
Dodging        | 2 3 4 5 6 8 9 11 | 11.0
Axes           | 4 5 11 13 | 13.1
Armour         | 3 6 7 10 11 13 14 16 | 16.0
Fighting       | 4 5 6 8 9 12 13 14 15 16 | 16.1
Short Blades   | 2 3 6 9 10 12 14 | 14.0
Evocations     | 6 8 10 | 10.0
Spellcasting   | 2 4 5 8 10 | 10.0
Hexes          | 6 9 10 | 10.0
Necromancy     | 6 8 |  8.0
Earth Magic    | 7 9 |  9.1
Summonings     | 7 9 |  9.0
Shields        | 4 8 11 14 | 14.2
Conjurations   | 4 8 10 | 10.0
Transmutations | 4 8 10 | 10.0

Action                   |  1- 3 |  4- 6 |  7- 9 | 10-12 | 13-15 | 16-18 | 19-21 || total
-------------------------+-------+-------+-------+-------+-------+-------+-------++-------
Melee: Hand axe          |    80 |    43 |       |       |       |       |       ||   123
       Dagger            |       |    67 |       |       |       |       |       ||    67
       Punch             |       |     4 |       |     7 |    13 |    26 |    35 ||    85
       Rapier            |       |    30 |   176 |   364 |  1076 |  1097 |       ||  2743
       Quick blade       |       |       |       |       |       |   599 |  1347 ||  1946
       Broad axe         |       |       |       |       |       |    59 |     5 ||    64
 Cast: Anguish           |       |       |       |       |    24 |    17 |    10 ||    51
       Animate Armour    |       |       |       |       |       |    35 |    62 ||    97
       Irradiate         |       |       |       |       |       |       |     4 ||     4
Evoke: Wand              |       |       |       |     9 |     2 |    24 |    11 ||    46
       Tin of tremorston |       |       |       |       |       |     2 |     1 ||     3
       Condenser vane    |       |       |       |       |       |     1 |     2 ||     3
       Phial of floods   |       |       |       |       |       |       |     1 ||     1
  Use: Scroll            |       |     8 |    10 |    10 |    12 |    17 |    21 ||    78
       Potion            |       |       |     1 |     3 |     1 |     3 |    12 ||    20
 Stab: Petrifying        |       |       |     2 |     1 |     1 |     2 |       ||     6
       Petrified         |       |       |     3 |       |     1 |       |       ||     4
       Confused          |       |       |       |     3 |     9 |    14 |    19 ||    45
       Paralysed         |       |       |       |     2 |     4 |     6 |     4 ||    16
       Distracted        |       |       |       |       |       |     5 |     8 ||    13
       Fleeing           |       |       |       |       |       |     1 |       ||     1
Armor: Leather armour    |    37 |    38 |   119 |    21 |       |       |       ||   215
       Skin              |       |       |    13 |     6 |     4 |       |       ||    23
       Robe              |       |       |       |    19 |       |       |       ||    19
       Ring mail         |       |       |       |    96 |   388 |     4 |       ||   488
       Ice dragon scales |       |       |       |       |       |   429 |       ||   429
       Plate armour      |       |       |       |       |       |   228 |   418 ||   646
Dodge: Dodged            |    53 |    79 |   157 |   249 |   778 |  1197 |   517 ||  3030

Table legend: (Time is in decaauts)
 A = Elapsed time spent in this place.
 B = Non-inter-level travel time spent in this place.
 C = Inter-level travel time spent in this place.
 D = Time resting spent in this place.
 E = Time spent auto-exploring this place.
 F = Levels seen in this place.
 G = Mean time per level.
                   A        B        C        D        E       F      G
               +--------+--------+--------+--------+--------+-----+--------+
         Total |  15421 |  13993 |   1428 |     38 |     13 |  40 |  385.5 |
       Dungeon |   5970 |   5469 |    501 |     16 |      0 |  15 |  398.0 |
          Lair |   2577 |   2086 |    491 |     22 |      0 |   6 |  429.5 |
        Shoals |   2186 |   2031 |    155 |      0 |      0 |   4 |  546.5 |
     Snake Pit |   1684 |   1499 |    185 |      0 |      0 |   4 |  421.0 |
  Orcish Mines |    699 |    679 |     20 |      0 |      0 |   2 |  349.5 |
        Vaults |   1705 |   1632 |     73 |      0 |     13 |   5 |  341.0 |
         Trove |     43 |     43 |      0 |      0 |      0 |   1 |   43.0 |
       Ossuary |    309 |    309 |      0 |      0 |      0 |   1 |  309.0 |
       Volcano |    202 |    202 |      0 |      0 |      0 |   1 |  202.0 |
        Wizlab |     40 |     40 |      0 |      0 |      0 |   1 |   40.0 |
               +--------+--------+--------+--------+--------+-----+--------+

Top non-repeatable levels by time:
 Snake:4: 664 daAuts
    D:10: 608 daAuts
Shoals:3: 601 daAuts
Shoals:1: 580 daAuts
    D:14: 575 daAuts
Shoals:4: 562 daAuts
  Lair:6: 549 daAuts
     D:5: 526 daAuts
   Orc:2: 501 daAuts
Vaults:5: 501 daAuts
  Lair:3: 470 daAuts
  Lair:2: 454 daAuts
Vaults:4: 450 daAuts
Shoals:2: 442 daAuts
    D:15: 434 daAuts
